 Dungeon Crawl Stone Soup version 0.32-a0-35-gd9ff480968 (webtiles) character file.

Game seed: 8523294810799309403

1138 PriceMaster the Conjurer (level 8, -6/50 HPs)
             Began as an Octopode Conjurer on Jan 23, 2024.
             Was a Priest of Qazlal.
             Mangled by a gnoll
             ... wielding a +0 flail
              (9 damage)
             ... on level 5 of the Dungeon.
             The game lasted 00:13:13 (5253 turns).

PriceMaster the Conjurer (Octopode Conjurer)        Turns: 5253, Time: 00:13:14

Health: -6/50      AC:  1    Str:  8    XL:     8   Next: 37%
Magic:  8/14       EV: 14    Int: 20    God:    Qazlal [***...]
Gold:   215        SH:  4    Dex: 11    Spells: 8/16 levels left

rFire   . . .        h - staff of conjuration
rCold   . . .        (no shield)
rNeg    . . .        (helmet restricted)
rPois   +            (no amulet)
rElec   .            g - ring of poison resistance
rCorr   .            m - ring of willpower
SInv    .            (no ring)
Will    +....        (no ring)
Stlth   +++          (no ring)
HPRegen 0.28/turn    (no ring)
MPRegen 0.14/turn    (no ring)
                     (no ring)

%: no passive effects
@: no status effects
A: almost no armour, amphibious, 8 rings, camouflage 1, gelatinous body 1,
(nimble swimmer 1), tentacles
a: Renounce Religion, Upheaval, Elemental Force


You were on level 5 of the Dungeon.
You worshipped Qazlal.
Qazlal was most pleased with you.
You visited 1 branch of the dungeon, and saw 5 of its levels.
You also visited: Sewer.

You collected 215 gold pieces.

Inventory:

Hand Weapons
 e - a +2 dagger of freezing
Missiles
 s - 3 throwing nets
Magical Staves
 h - a staff of conjuration (weapon)
Jewellery
 g - a ring of poison resistance (left tentacle)
 m - a ring of willpower (right tentacle)
Wands
 b - a wand of flame (5)
 d - a wand of charming (19)
Scrolls
 c - a scroll of enchant weapon
 f - a scroll of silence
 j - a scroll of poison
 o - a scroll of immolation {unknown}
 p - 2 scrolls of fog {unknown}
 q - a scroll of fear {unknown}
 r - a scroll of revelation {unknown}
Potions
 i - a potion of curing
 k - 2 potions of brilliance {unknown}
 l - a potion of haste {unknown}
 n - 4 potions of heal wounds {unknown}


   Skills:
 + Level 1.8 Fighting
 + Level 3.6 Short Blades
 + Level 0.3 Staves
 + Level 4.0 Dodging
 + Level 4.9 Stealth
 + Level 1.1 Shields
 + Level 4.6 Spellcasting
 + Level 6.2 Conjurations
 + Level 1.5 Air Magic
 + Level 0.2 Earth Magic


You had 8 spell levels left.
You knew the following spells:

 Your Spells              Type           Power      Damage    Failure   Level
a - Magic Dart            Conj           100%       1d8       1%          1
b - Searing Ray           Conj           88%        2d7       1%          2
c - Static Discharge      Conj/Air       60%        3-6/arc   3%          2
d - Stone Arrow           Conj/Erth      52%        3d10      10%         3

Your spell library contained the following spells:

 Spells                   Type           Power      Damage    Failure   Level
 Sandblast                Erth           10%        2d5       11%         1
 Summon Small Mammal      Summ           16%        N/A       12%         1
 Passwall                 Erth           5%         N/A       32%         3
 Brom's Barrelling Bould  Conj/Erth      26%        2d5       32%         4
 Fulminant Prism          Conj/Alch      12%        3d8       32%         4
 Iskenderun's Mystic Bla  Conj/Tloc      25%        2d7       32%         4
 Call Canine Familiar     Summ           4%         N/A       36%         3
 Airstrike                Air            5%         2d(1-17)  54%         4
 Summon Lightning Spire   Summ/Air       7%         N/A       65%         4
 Summon Blazeheart Golem  Fire/Summ      4%         N/A       77%         4


Dungeon Overview and Level Annotations

Branches:
Dungeon (5/15)              Sewer (visited)
 Temple: D:4-7

Altars:
Qazlal
Trog
Yredelemnul

Annotations:
D:5 Duvessa


Innate Abilities, Weirdness & Mutations

You cannot wear most types of armour.
You are amphibious.
You can wear up to eight rings at the same time.
Your skin changes colour to match your surroundings (Stealth+).
Your rubbery body absorbs attacks. (AC +1, EV +1)
((You are camouflaged when in or above water. (Stealth+)))
You have tentacles for arms and can constrict up to eight enemies at once.


Message History

You kill Dowan!
Qazlal accepts your kill.
Duvessa screams in rage.
Duvessa goes berserk!
The gnoll completely misses you.
Duvessa hits you with a +1 short sword of venom.
Casting: Static Discharge (safe; 3% risk of failure)
Confirm with . or Enter, or press ? or * to list all spells.
You feel a surge of power!
The gnoll is struck by an arc of lightning!
You kill the gnoll!
Qazlal accepts your kill.
You are struck by an arc of lightning.
The lightning grounds out.
Duvessa hits you with a +1 short sword of venom!
You are poisoned.
The gnoll misses you.
Duvessa hits you with a +1 short sword of venom!
* * * LOW HITPOINT WARNING * * *
You feel better. You block the gnoll's attack. Duvessa closely misses you.
Casting: Static Discharge (safe; 3% risk of failure)
Confirm with . or Enter, or press ? or * to list all spells.
You feel a surge of power!
The gnoll is struck by an arc of lightning.
The gnoll is moderately wounded.
You are struck by an arc of lightning.
The gnoll is struck by an arc of lightning.
The gnoll is severely wounded.
The lightning grounds out.
Duvessa is struck by an arc of lightning.
Duvessa is lightly wounded.
You are struck by an arc of lightning.
* * * LOW HITPOINT WARNING * * *
Duvessa is struck by an arc of lightning.
Duvessa is moderately wounded.
You are struck by an arc of lightning.
* * * LOW HITPOINT WARNING * * *
The lightning grounds out.
Duvessa hits you with a +1 short sword of venom!
* * * LOW HITPOINT WARNING * * *
The gnoll hits you with a +0 flail!
You die...

## .#
.# .###
##...
####.○#
#...@e#
#..g))#
#.....#
####..#
....
.....
#....
#..##.


You could see Duvessa (berserk) and a gnoll.

Vanquished Creatures
  2 ogres (D:4)
  A phantom (D:4)
  2 bullfrogs (Sewer)
  Dowan (D:5)
  The ghost of Pokonic1 the Firebug, a weakling DsFE (D:3)
  2 bombardier beetles
  2 hounds (D:4)
  A jelly (D:4)
  2 orc priests (D:4)
  Jessica (D:2)
  Ijyb (D:3)
  Terence (D:2)
  Natasha (thrice) (D:3)
  14 gnolls
  8 adders
  A ribbon worm (D:5)
  10 dart slugs
  8 orcs (D:4)
  5 ball pythons
  2 endoplasms
  16 giant cockroaches
  2 goblins (D:2)
  4 hobgoblins
  3 jackals (D:4)
  A quokka (D:2)
  A ball python zombie (D:3)
  A bat (D:3)
  12 frilled lizards
  5 kobolds
  A quokka zombie (D:3)
  A rat (D:2)
115 creatures vanquished.

Notes
Turn   | Place    | Note
-------+----------+-------------------------------------------
     0 | D:1      | PriceMaster the Octopode Conjurer began the quest for the
                  | Orb.
     0 | D:1      | Reached XP level 1. HP: 11/11 MP: 3/3
   166 | D:1      | Reached XP level 2. HP: 7/17 MP: 0/5
   169 | D:1      | Learned a level 2 spell: Searing Ray
   561 | D:1      | Learned a level 2 spell: Static Discharge
   673 | D:2      | Noticed Jessica
   678 | D:2      | Killed Jessica
   679 | D:2      | Reached XP level 3. HP: 21/21 MP: 1/6
   680 | D:2      | Found a faded altar of an unknown god.
   698 | D:2      | Prayed at the altar of an unknown god.
   698 | D:2      | Became a worshipper of Qazlal Stormbringer
   698 | D:2      | Reached * piety under Qazlal
   746 | D:2      | Reached XP level 4. HP: 27/27 MP: 7/7
   978 | D:2      | Noticed Terence
   993 | D:2      | Killed Terence
  1500 | D:3      | Found a glowing drain.
  1509 | D:3      | Reached skill level 5 in Conjurations
  1515 | Sewer    | Entered a sewer
  1578 | Sewer    | Reached XP level 5. HP: 30/31 MP: 5/8
  1648 | Sewer    | Reached ** piety under Qazlal
  1747 | Sewer    | Reached skill level 1 in Short Blades
  1788 | Sewer    | Identified the +0 leather armour of Homuehiv {Str+4}
  1808 | Sewer    | Reached XP level 6. HP: 12/37 MP: 0/9
  2000 | Sewer    | Reached skill level 1 in Fighting
  2197 | D:3      | Noticed Natasha
  2203 | D:3      | Killed Natasha
  2884 | D:3      | Noticed Natasha
  2888 | D:3      | Killed Natasha
  2889 | D:3      | Reached XP level 7. HP: 43/43 MP: 5/11
  2969 | D:3      | Found a runed translucent gate.
  2969 | D:3      | Found a runed translucent gate.
  2969 | D:3      | Found a runed translucent gate.
  2969 | D:3      | Noticed Pokonic1's ghost (weakling DsFE)
  2971 | D:3      | Found a basalt altar of Yredelemnul.
  3001 | D:3      | Killed Pokonic1's ghost
  3317 | D:3      | Noticed Ijyb
  3324 | D:3      | Noticed Natasha
  3325 | D:3      | Killed Ijyb
  3332 | D:3      | Killed Natasha
  3544 | D:3      | Found a stormy altar of Qazlal.
  3637 | D:4      | Reached skill level 1 in Shields
  3737 | D:4      | Reached skill level 1 in Air Magic
  3868 | D:4      | You fall into a shaft and drop 1 floor!
  3868 | D:5      | Entered Level 5 of the Dungeon
  3933 | D:5      | Found a bloodstained altar of Trog.
  4036 | D:4      | Reached *** piety under Qazlal
  4185 | D:4      | Reached XP level 8. HP: 49/49 MP: 6/13
  4607 | D:4      | Learned a level 3 spell: Stone Arrow
  4996 | D:4      | Reached skill level 6 in Conjurations
  5168 | D:5      | Noticed Duvessa
  5168 | D:5      | Noticed Dowan
  5250 | D:5      | Killed Dowan
  5253 | D:5      | Mangled by a gnoll

Illustrated notes

Levels and vault maps discovered:
D:1:      minmay_arrival_checkered_box, layout_rooms, minmay_pentomino_p4
D:2:      layout_rooms, ebering_ecumenical_altar_sacrificial,
          roderic_serpentine_path, kennysheep_another_room, uniq_terence,
          uniq_jessica
D:3:      layout_basic, nicolae_yredelemnul_ghost_church,
          nicolae_qazlal_scattered_showers, portal_sewer_entry_d, uniq_natasha,
          uniq_ijyb
D:4:      nicolae_cairo_tiling_very_big, layout_basic
D:5:      layout_basic, mainiacjoe_overflow_big_doors,
          mainiacjoe_overflow_swirl, minmay_temple_entry_offerings,
          serial_shops, shop_fountains, gammafunk_ghost_smash, uniq_duvessa

Skill      XL: |  1  2  3  4  5  6  7  8 |
---------------+-------------------------+-----
Stealth        | 3 4 |  4.9
Conjurations   | 5 6 |  6.2
Short Blades   | 1 2 3 |  3.6
Dodging        | 3 4 |  4.0
Fighting       | 1 |  1.8
Spellcasting   | 3 4 |  4.6
Shields        | 1 |  1.1
Air Magic      | 1 |  1.5
Staves         | |  0.3
Earth Magic    | |  0.2

Action                     |  1- 3 |  4- 6 |  7- 9 || total
---------------------------+-------+-------+-------++-------
  Melee: Dagger            |    21 |    90 |    11 ||   122
         Constrict         |     4 |    23 |     5 ||    32
         Punch             |     1 |     3 |       ||     4
         Tentacles         |     3 |    12 |     4 ||    19
         Staff             |       |       |    16 ||    16
   Cast: Magic Dart        |    10 |    18 |    34 ||    62
         Searing Ray       |     1 |    11 |    17 ||    29
         Static Discharge  |       |     9 |    15 ||    24
         Stone Arrow       |       |       |     7 ||     7
    Use: Scroll            |     1 |     1 |     3 ||     5
         Potion            |       |     3 |     5 ||     8
   Stab: Sleeping          |     1 |       |       ||     1
 Armour: Skin              |     9 |    60 |    49 ||   118
  Dodge: Dodged            |    18 |    52 |    38 ||   108
  Block: Other             |       |     8 |    12 ||    20

Table legend: (Time is in decaauts)
 A = Elapsed time spent in this place.
 B = Non-inter-level travel time spent in this place.
 C = Inter-level travel time spent in this place.
 D = Time resting spent in this place.
 E = Time spent auto-exploring this place.
 F = Levels seen in this place.
 G = Mean time per level.
                   A        B        C        D        E       F      G
               +--------+--------+--------+--------+--------+-----+--------+
         Total |   5257 |   5210 |     47 |   1255 |   3127 |   6 |  876.2 |
       Dungeon |   4664 |   4617 |     47 |   1160 |   2807 |   5 |  932.8 |
         Sewer |    592 |    592 |      0 |     95 |    320 |   1 |  592.0 |
               +--------+--------+--------+--------+--------+-----+--------+

Top non-repeatable levels by time:
     D:3: 1598 daAuts
     D:4: 1577 daAuts
     D:2: 834 daAuts
   Sewer: 592 daAuts
     D:1: 562 daAuts
     D:5: 91 daAuts
